 Dungeon Crawl Stone Soup version 0.31-a0-819-gf6de2f5ab6 (webtiles) character file.

Game seed: 15348532619258123449

385 qw the Shooter (level 6, 0/40 HPs)
             Began as a Gargoyle Hunter on Sept 23, 2023.
             Slain by an orc
             ... wielding a +0 mace
              (5 damage)
             ... on level 4 of the Dungeon.
             The game lasted 00:00:58 (2588 turns).

qw the Shooter (Gargoyle Hunter)                    Turns: 2588, Time: 00:00:58

Health: 0/40       AC:  8    Str: 13 (14) XL:     6   Next: 77%
Magic:  6/6        EV: 11    Int:  7 (10) God:
Gold:   131        SH:  0    Dex: 12 (15) Spells: 5/5 levels left

rFire   . . .        Y - +1 shortbow
rCold   . . .        (shield currently unavailable)
rNeg    + . .        c - +0 leather armour
rPois   inf          k - +0 helmet
rElec   +            (no cloak)
rCorr   +            (no gloves)
SInv    .            (no boots)
Will    +....        (no amulet)
Stlth   +            e - ring of willpower
HPRegen 0.26/turn    b - ring of resist corrosion
MPRegen 0.10/turn

%: no passive effects
@: no status effects
A: sickness immunity, AC +4, negative energy resistance 1, electricity
resistance, torment resistance 1, petrification resistance
a: no special abilities


You were on level 4 of the Dungeon.
You visited 1 branch of the dungeon, and saw 4 of its levels.

You collected 131 gold pieces.


Innate Abilities, Weirdness & Mutations

You are immune to sickness and miasma.
Your stone body is resilient. (AC +4)
You are immune to poison.
You resist negative energy. (rN+)
You are resistant to electric shocks. (rElec)
You are resistant to unholy torment.
You are immune to petrification.


   Skills:
 - Level 5.1 Fighting
 + Level 6.4 Ranged Weapons
 - Level 1.0 Armour
 - Level 1.5 Dodging
 - Level 1.1 Stealth


You had 5 spell levels left.
You didn't know any spells.
Your spell library was empty.

Inventory:

Hand Weapons
 Y - a +1 shortbow (weapon)
Armour
 c - a +0 leather armour (worn)
 k - a +0 helmet (worn)
 l - a +0 ring mail
Jewellery
 b - a ring of resist corrosion (right hand)
 e - a ring of willpower (left hand)
 h - a +4 ring of protection
Scrolls
 a - 5 scrolls of identify
Potions
 d - 2 potions of enlightenment
 f - a potion of mutation
 g - a potion of curing
 i - 2 potions of haste

Dungeon Overview and Level Annotations

Branches:
Dungeon (4/15)
 Temple: D:4-7

Altars:
The Shining One

Shops:
D:3 [


Message History

The orc barely misses you. The orc misses you. x2
Something hits you but does no damage.
You shoot an arrow. The arrow closely misses the orc.
The orc hits you with a +0 whip. The orc hits you but does no damage. x2
Something hits you but does no damage.
You shoot an arrow. The arrow hits the orc.
The orc is almost dead.
The orc barely misses you. The orc hits you but does no damage.
The orc closely misses you. Something hits you.
The orc hits you but does no damage.
You shoot an arrow. The arrow hits the orc.
You kill the orc!
The orc barely misses you. The orc hits you but does no damage.
Something hits you but does no damage. The orc closely misses you.
You shoot an arrow. The arrow barely misses the orc.
The orc barely misses you. The orc hits you but does no damage.
Something hits you but does no damage. The orc hits you with a +0 whip.
You shoot an arrow. The arrow hits the orc.
The orc is severely wounded.
Something hits you but does no damage. The orc closely misses you.
The orc hits you but does no damage. x2; The orc barely misses you.
Something hits you but does no damage. The orc barely misses you.
The orc hits you but does no damage.
You shoot an arrow.
The arrow hits the orc but does no damage.
The orc is severely wounded.
An orc wizard appears from thin air!
Reactivating autopickup.
The orc hits you with a +0 whip. The orc barely misses you.
The orc wizard barely misses you. The orc hits you with a +0 mace.
You shoot an arrow. The arrow hits the orc.
The orc is almost dead.
The orc wizard barely misses you. The orc hits you with a +0 mace.
The orc closely misses you. The orc barely misses you.
You shoot an arrow. The arrow hits the orc!
You kill the orc!
The orc wizard gestures at you while chanting.
The puff of flame misses you.
The puff of flame hits the orc.
The orc hits you with a +0 mace.
You die...

#..#.#..##...###..#
#'..#..##..###.#..#####.
.##...##.%..............
..##.##..##.##..........
...###..#...# #.........
....#..##...# #.........
#...#.###...###.....#...
#.....##....##..o)......
##?......#.....o@o......
#......#.###..##))......
###...##.....##.........
##.####...####..###...
### #....# #### ..
##.### . ###


You could see an orc wizard and 2 orcs.

Vanquished Creatures
  Sigmund (D:2)
  A jelly (D:2)
  An orc priest (D:4)
  Terence (D:2)
  An orc wizard (D:3)
  3 gnolls (D:3)
  2 adders (D:4)
  4 dart slugs
  8 orcs
  6 ball pythons
  6 endoplasms
  A giant cockroach (D:2)
  5 goblins
  6 hobgoblins
  6 kobolds
  2 quokkas
  6 bats
  3 frilled lizards
  3 rats
66 creatures vanquished.

Vanquished Creatures (others)
  A goblin (D:4)
1 creature vanquished.

Grand Total: 67 creatures vanquished

Notes
Turn   | Place    | Note
-------+----------+-------------------------------------------
     0 | D:1      | qw the Gargoyle Hunter began the quest for the Orb.
     0 | D:1      | Reached XP level 1. HP: 12/12 MP: 1/1
     0 | D:1      | 0 ||| qw: Version: 0.3-a-83-gcd0e7d8
     0 | D:1      | 0 ||| qw: Game counter: 1370
     0 | D:1      | 0 ||| qw: Melee chars always use a shield: true
     0 | D:1      | 0 ||| qw: God list: Okawaru
     0 | D:1      | 0 ||| qw: Allow faded altars: false
     0 | D:1      | 0 ||| qw: Do Orc after clearing Dungeon:15 true
     0 | D:1      | 0 ||| qw: Do second Lair branch before Depths: true
     0 | D:1      | 0 ||| qw: Lair rune preference: random
     0 | D:1      | 0 ||| qw: Goals: Normal
     0 | D:1      | 0 ||| PLANNING D:1-11
   378 | D:1      | Reached XP level 2. HP: 17/17 MP: 2/2
   892 | D:1      | 892 ||| UPGRADING to ring of willpower.
   893 | D:1      | 893 ||| READING scroll labelled BUIRIF QONGETS.
   894 | D:1      | 894 ||| READING scroll labelled NOMPUTS WINOBB.
   895 | D:1      | 895 ||| READING 3 scrolls labelled YCRE AP RESS.
   896 | D:1      | 896 ||| READING scroll labelled YFRAESH GIUGA.
   899 | D:1      | 899 ||| READING scroll labelled VUPUWI LACAFF.
   900 | D:1      | 900 ||| DRINKING 2 pink potions.
   901 | D:1      | 901 ||| DRINKING 2 ruby potions.
   902 | D:1      | 902 ||| DRINKING 2 white potions.
   903 | D:1      | 903 ||| DROPPING scroll of butterflies.
   904 | D:1      | 904 ||| DROPPING 2 scrolls of fear.
   905 | D:1      | 905 ||| DROPPING potion of invisibility.
   956 | D:2      | Noticed Terence
   969 | D:2      | HP: 4/17 [Terence/+0 mace (1)]
   973 | D:2      | Killed Terence
   974 | D:2      | Reached skill level 5 in Ranged Weapons
   974 | D:2      | Reached XP level 3. HP: 7/21 MP: 3/3
  1084 | D:2      | Noticed Sigmund
  1094 | D:2      | Killed Sigmund
  1095 | D:2      | Reached XP level 4. HP: 25/31 MP: 4/4
  1095 | D:2      | Reached XP level 5. HP: 29/35 MP: 5/5
  1095 | D:2      | 1095 ||| FLEEEEING.
  1096 | D:2      | 1096 ||| FLEEEEING.
  1334 | D:2      | Identified the +2 mace of the Warrior-Mage {vamp, Int+3}
  1428 | D:2      | Reached XP level 6. HP: 40/40 MP: 6/6
  1561 | D:2      | 1561 ||| UPGRADING to ring of resist corrosion.
  1562 | D:2      | 1562 ||| READING scroll labelled IKUIHULL UGUF.
  1563 | D:2      | 1563 ||| READING 2 scrolls of identify.
  1563 | D:2      | 1563 ||| IDENTIFYING purple potion
  1878 | D:3      | Found a faded altar of an unknown god.
  1959 | D:3      | Found Yseraik's Armour Emporium.
  1965 | D:3      | 1965 ||| SHOPLISTING +2 robe of resistance (414 gold, have
                  | 91).
  1965 | D:3      | 1965 ||| SHOPLISTING +3 hat of Pondering {ponderous, Will+
                  | MP+10 Int+5} (419 gold, have 91).
  1965 | D:3      | 1965 ||| SHOPLISTING +4 ring mail of willpower (341 gold,
                  | have 91).
  2057 | D:3      | Reached skill level 6 in Ranged Weapons
  2387 | D:3      | 2387 ||| UPGRADING to +0 helmet.
  2392 | D:3      | 2392 ||| DRINKING 2 murky ruby potions.
  2393 | D:3      | 2393 ||| READING 4 scrolls of identify.
  2393 | D:3      | 2393 ||| IDENTIFYING metallic dark potion
  2394 | D:3      | 2394 ||| READING 3 scrolls of identify.
  2394 | D:3      | 2394 ||| IDENTIFYING inky potion
  2395 | D:3      | 2395 ||| DROPPING potion of degeneration.
  2475 | D:4      | Found a glowing golden altar of the Shining One.
  2490 | D:4      | Reached skill level 1 in Armour
  2566 | D:4      | 2566 ||| DRINKING 2 potions of curing.
  2566 | D:4      | 2566 ||| (to cure confusion)
  2576 | D:4      | HP: 10/40 [something/puff of flame (5)]
  2577 | D:4      | 2577 ||| DRINKING potion of heal wounds.
  2582 | D:4      | HP: 10/40 [something (2)]
  2587 | D:4      | HP: 4/40 [orc/+0 mace (2)]
  2588 | D:4      | Slain by an orc

Levels and vault maps discovered:
D:1:      lemuel_arrival_rhombus, layout_loops_corners, bh_walls_and_bars
D:2:      layout_basic, minivault_25, uniq_sigmund, uniq_terence
D:3:      layout_basic, serial_shops, shop, basic_ecumenical_altar
D:4:      layout_cave_pools, tso_metal_star, elyvilon_altar_4,
          grunt_ministairs_10, nicolae_nh_oracle_at_delphi, uniq_eustachio

Skill      XL: |  1  2  3  4  5  6 |
---------------+-------------------+-----
Ranged Weapons | 5 6 |  6.4
Fighting       | 5 |  5.1
Armour         | 1 |  1.0
Dodging        | |  1.5
Stealth        | |  1.1

Action                     |  1- 3 |  4- 6 || total
---------------------------+-------+-------++-------
   Fire: Shortbow          |    70 |   140 ||   210
    Use: Scroll            |     5 |     4 ||     9
         Potion            |     3 |     3 ||     6
 Armour: Leather armour    |    14 |    58 ||    72
  Dodge: Dodged            |    16 |    49 ||    65

Table legend:
 A = Non-vault XP
 B = Vault XP
 C = Vault XP percentage of total XP
 D = Non-vault monster count
 E = Vault monster count
 F = Vault count percentage of total count
                 A         B        C        D         E       F
            +---------+---------+-------+---------+---------+-------
      Total |     301 |     252 |  45.6 |      64 |       2 |   3.0
            +---------+---------+-------+---------+---------+-------
        D:1 |      24 |       0 |   0.0 |      12 |       0 |   0.0
        D:2 |      72 |     252 |  77.8 |      18 |       2 |  10.0
        D:3 |     116 |       0 |   0.0 |      24 |       0 |   0.0
        D:4 |      89 |       0 |   0.0 |      10 |       0 |   0.0
            +---------+---------+-------+---------+---------+-------
